Map: Neon Violet Square LE

Players

CinDra - Winner!

  • Race: Zerg Zerg
  • League: Bronze
  • Spawn Location: 11:00

A.I. 1 (Hard)

  • Race: Zerg Zerg
  • Spawn Location: 5:00

VOD

Have the link to the VOD?

Description

Time

  • Played on: Feb. 5, 2018, 9:56 p.m.
  • Length: 13:20
Show
View Real Time Build Order
Export as new Build Order

CinDra Zerg - Winner!

Build Orders: Hatch First 

Get SALT Encoding   

  12  0:01  Drone  
  13  0:14  Overlord  
  13  0:18  Drone  
  14  0:33  Drone  
  14  0:34  Drone  
  16  0:42  Drone  
  17  0:51  Drone  
  18  1:00  Hatchery  
  17  1:06  Overlord  
  17  1:11  Drone  
  18  1:24  Drone  
  19  1:31  Drone  
  20  1:34  Extractor  
  20  1:39  Spawning Pool  
  18  1:41  Drone  
  19  1:53  Drone  
  20  2:03  Drone  
  21  2:13  Drone x2  
  23  2:28  Queen x2  
  23  2:29  Roach Warren  
  26  2:30  Overlord  
  26  2:32  Drone  
  27  2:42  Metabolic Boost  
  27  2:44  Zergling x4  
  29  2:46  Drone x2  
  31  3:02  Drone x2  
  33  3:11  Drone x2  
  35  3:15  Extractor  
  35  3:19  Overlord, Roach  
  36  3:37  Queen  
  38  3:42  Drone x5  
  38  3:43  Overlord x2, Drone  
  38  3:44  Overlord  
  44  3:55  Lair  
  44  4:02  Overlord, Roach  
  46  4:04  Roach  
  48  4:25  Zergling x8  
  52  4:58  Drone x8  
  60  5:00  Hatchery  
  59  5:08  Overlord x2  
  59  5:09  Drone x3  
  59  5:10  Drone  
  63  5:21  Extractor  
  62  5:23  Extractor  
  55  5:30  Zergling x4  
  51  5:36  Zergling x2  
  51  5:37  Zergling x10  
  53  5:51  Zergling x2  
  53  5:52  Zergling x2  
  53  5:54  Queen  
  57  6:05  Queen  
  59  6:19  Queen  
  59  6:23  Glial Reconstitution  
  61  6:39  Roach  
  71  6:40  Roach x11  
  85  7:06  Overlord x3  
  85  7:08  Roach x3  
  91  7:14  Spire  
  90  7:30  Overseer  
  90  7:43  Drone  
  92  7:44  Drone x10  
  101  8:01  Evolution Chamber  
  101  8:02  Roach x3  
  101  8:03  Evolution Chamber  
  105  8:14  Extractor  
  105  8:15  Extractor  
  103  8:26  Mutalisk x3  
  103  8:27  Mutalisk x6  
  105  8:28  Overlord  
  105  8:29  Overlord x2  
  120  9:04  Unknown  
  110  9:10  Roach, Mutalisk  
  110  9:11  Roach x4, Mutalisk x5  
  110  9:12  Mutalisk  
  126  9:30  Mutalisk x3  
  126  9:31  Mutalisk  
  134  10:00  Roach x6  
  134  10:01  Overlord x3  
  129  10:28  Mutalisk x5  
  125  10:33  Roach  
  125  10:34  Overlord, Roach x2  
  125  10:35  Overlord  
  129  11:12  Mutalisk  
  129  11:13  Mutalisk x3  
  137  11:58  Hatchery  
  136  12:10  Zergling x2  
  136  12:11  Zergling x34  
  140  12:52  Roach  
  140  12:53  Roach x7  
  140  12:54  Roach x6  
Show
View Real Time Build Order
Export as new Build Order

A.I. 1 (Hard) Zerg 

Build Orders: Pool First 

Get SALT Encoding   

  12  0:01  Drone  
  13  0:12  Overlord  
  13  0:18  Drone  
  14  0:31  Drone  
  14  0:32  Drone  
  16  0:42  Spawning Pool  
  15  0:45  Drone  
  15  0:49  Drone  
  17  0:51  Extractor  
  17  0:56  Drone  
  17  1:06  Overlord  
  17  1:31  Zergling x2, Queen  
  20  1:33  Zergling x2  
  20  1:37  Roach Warren  
  20  1:38  Drone  
  21  1:42  Extractor  
  20  1:49  Drone  
  20  1:52  Baneling Nest  
  20  2:00  Drone  
  21  2:11  Drone  
  22  2:21  Zergling x2  
  23  2:32  Drone  
  24  2:37  Overlord, Zergling x2  
  24  2:39  Zergling x2  
  24  2:42  Baneling x3  
  27  2:44  Zergling x2  
  27  2:55  Drone  
  28  3:05  Zergling x2  
  28  3:09  Overlord, Zergling x2  
  28  3:11  Zergling x2  
  31  3:17  Zergling x2  
  31  3:19  Baneling x2  
  32  3:26  Baneling  
  32  3:28  Zergling x2  
  33  3:38  Drone, Evolution Chamber  
  33  3:43  Zergling x2  
  33  3:44  Drone  
  33  3:45  Drone  
  36  3:50  Drone  
  37  4:01  Drone  
  38  4:12  Drone  
  38  4:13  Overlord  
  38  4:14  Drone  
  40  4:41  Overlord, Roach  
  40  4:43  Evolution Chamber  
  40  4:44  Drone  
  42  4:49  Roach  
  44  4:55  Metabolic Boost  
  44  4:57  Roach, Lair  
  46  5:05  Roach  
  48  5:10  Zerg Melee Weapons Level 1  
  48  5:24  Zerg Ground Armor Level 1  
  40  5:40  Roach  
  41  5:48  Roach  
  43  5:54  Burrow  
  43  5:56  Roach  
  45  5:58  Hydralisk Den  
  46  6:04  Roach  
  46  6:07  Overseer  
  46  6:10  Overseer  
  46  6:16  Spore Crawler  
  46  6:18  Drone  
  46  6:24  Spore Crawler  
  45  6:25  Drone  
  45  6:29  Hydralisk  
  48  6:33  Hatchery  
  48  6:37  Hydralisk  
  49  6:44  Hydralisk  
  51  6:48  Drone  
  51  6:52  Hydralisk  
  54  6:57  Spine Crawler  
  53  7:02  Spine Crawler  
  53  7:04  Drone, Zerg Missile Weapons Level 1  
  53  7:13  Queen  
  55  7:24  Infestation Pit  
  55  7:25  Drone  
  55  7:38  Spire  
  54  7:46  Drone  
  54  7:48  Spore Crawler  
  54  7:49  Drone  
  55  7:57  Drone  
  56  8:00  Drone  
  56  8:04  Drone  
  58  8:06  Drone  
  58  8:10  Drone  
  60  8:13  Drone  
  60  8:19  Overlord  
  61  8:22  Drone  
  61  8:24  Drone  
  63  8:27  Drone  
  63  8:29  Drone  
  63  8:32  Drone  
  66  8:34  Drone  
  66  8:39  Pneumatized Carapace  
  67  8:44  Overseer  
  69  8:48  Roach  
  69  8:52  Overlord  
  69  8:55  Roach  
  71  8:59  Hydralisk  
  73  9:03  Hydralisk  
  73  9:08  Infestor  
  70  9:13  Zergling x2  
  57  9:17  Roach  
  57  9:21  Hydralisk  
  57  9:22  Overseer  
  55  9:26  Roach  
  55  9:30  Roach  
  59  9:34  Roach, Extractor  
  60  9:39  Roach  
  60  9:42  Extractor  
  60  9:43  Roach  
  63  9:47  Roach  
  63  9:52  Roach  
  67  9:54  Overlord  
  67  9:55  Hydralisk  
  69  10:01  Drone, Hydralisk  
  69  10:03  Drone  
  69  10:05  Drone  
  74  10:08  Zergling x2  
  74  10:11  Hydralisk  
  64  10:17  Roach  
  58  10:21  Roach  
  55  10:30  Hatchery  
  55  10:32  Zergling x2  
  55  10:33  Drone x2  
  49  10:37  Roach  
  49  10:38  Drone  
  49  10:41  Roach  
  44  10:46  Hydralisk  
  44  10:47  Drone  
  44  10:51  Roach  
  44  10:56  Zergling x2  
  44  11:00  Roach  
  42  11:11  Roach  
  43  11:20  Hydralisk  
  45  11:27  Hydralisk  
  47  11:33  Roach  
  49  11:56  Hatchery  
  49  12:00  Roach  
  50  12:05  Roach  
  52  12:12  Hydralisk  
  54  12:18  Infestor  
  56  12:25  Hydralisk  
  56  12:29  Drone x2  
  47  12:33  Hydralisk  
  47  12:35  Drone  
  27  12:52  Drone  
Tags
 
Add a new tag
Caveats
  • Supply blocks, unpowered buildings, or Contaminate may cause inaccurate times.
  • Supply counts are checked every 10 seconds.